Map: Acropolis LE

Players

Probe - Winner!

  • Race: Protoss Protoss
  • Spawn Location: 11:00

PengWin

  • Race: Zerg Zerg
  • Spawn Location: 5:00

VOD

Have the link to the VOD?

Description

Time

  • Played on: Sept. 6, 2019, 12:17 p.m.
  • Length: 4:47
Show
View Real Time Build Order
Export as new Build Order

Probe Protoss - Winner!

Build Orders: 1 Gate Expand, Oracle Opening, Phoenix Opening 

Get SALT Encoding   

  12  0:00  Probe  
  13  0:13  Probe  
  14  0:20  Pylon  
  14  0:25  Probe  
  15  0:35  Probe  
  15  0:39  Gateway  
  16  0:43  Probe  
  16  0:49  Assimilator  
  17  0:53  Probe  
  18  1:05  Probe  
  19  1:17  Probe  
  20  1:23  Nexus  
  20  1:34  Cybernetics Core  
  20  1:37  Probe  
  21  1:44  Assimilator  
  21  1:49  Probe  
  21  1:51  Pylon  
  22  2:01  Probe, Adept  
  23  2:09  Probe  
  26  2:17  Probe  
  26  2:22  Stargate  
  27  2:28  Probe  
  28  2:30  Adept  
  28  2:32  Probe  
  28  2:36  Warp Gate  
  31  2:40  Probe x2  
  33  2:49  Probe  
  33  2:52  Probe  
  35  3:00  Phoenix  
  35  3:01  Probe  
  35  3:04  Probe  
  37  3:09  Pylon  
  39  3:14  Probe  
  39  3:15  Oracle  
  39  3:16  Probe  
  41  3:22  Gateway  
  41  3:26  Probe  
  45  3:28  Probe  
  45  3:34  Assimilator  
  46  3:36  Assimilator  
  46  3:38  Pylon, Probe  
  46  3:40  Probe  
  48  3:50  Probe  
  48  3:52  Oracle, Pylon, Probe  
  53  4:02  Probe  
  54  4:05  Probe  
  54  4:06  Robotics Facility  
  55  4:13  Gateway  
  55  4:14  Probe  
  57  4:17  Probe  
  57  4:22  Gateway  
  57  4:23  Sentry x2  
  61  4:26  Probe  
  61  4:29  Probe  
  63  4:33  Pylon x2  
  66  4:40  Shield Battery  
Show
View Real Time Build Order
Export as new Build Order

PengWin Zerg 

Build Orders: Hatch First 

Get SALT Encoding   

  12  0:00  Drone  
  13  0:12  Overlord  
  13  0:17  Drone  
  14  0:31  Drone x2  
  14  0:35  Drone  
  17  0:52  Hatchery  
  17  0:56  Drone  
  17  0:57  Drone  
  18  1:00  Extractor  
  17  1:12  Spawning Pool  
  17  1:15  Drone  
  17  1:19  Drone  
  18  1:29  Drone  
  19  1:38  Overlord  
  19  1:51  Drone  
  20  2:00  Queen  
  22  2:02  Metabolic Boost  
  22  2:03  Drone  
  22  2:04  Queen  
  22  2:07  Zergling x2  
  26  2:13  Drone  
  27  2:19  Drone  
  28  2:28  Drone x2  
  30  2:34  Hatchery  
  29  2:37  Zergling x2  
  29  2:39  Zergling x2  
  31  2:55  Zergling x6  
  34  3:17  Baneling Nest  
  34  3:19  Overlord  
  33  3:20  Zergling x2  
  33  3:21  Zergling x4  
  36  3:29  Overlord  
  36  3:42  Zergling x12  
  42  3:49  Spore Crawler  
  42  3:52  Spore Crawler  
  42  3:53  Zergling x4  
  42  3:54  Zergling x6  
  45  4:02  Baneling x5  
  45  4:07  Baneling  
  45  4:08  Overlord  
  45  4:09  Overlord  
  45  4:12  Overlord  
  43  4:29  Drone x7  
  43  4:30  Drone  
Tags
 
Add a new tag
Caveats
  • Supply blocks, unpowered buildings, or Contaminate may cause inaccurate times.
  • Supply counts are checked every 10 seconds.